AoeStats
← rugkupper

Black Forest

503803879Analyzed
2v2 RM · 28d ago on Sep 2, 2026· 39m 59s· 4 players
Game mode
Random Map
Map size
Medium (4 player)
Population
200
Speed
Normal
Resources
Standard
Victory
Conquest
Starting age
Dark Age
Ending age
Imperial Age
RankedLock teamsTeams togetherTeam positionsShared explorationLock speedFull tech treeHidden civsTurbo modeCheats
Victory
Defeat
🇷🇺 Persians · Russia
997
+15
🇦🇷 Spanish · Argentina
997
+15
🇩🇪 Romans · Germany
988
-16
🇳🇱 Japanese · Netherlands
961
-14
harmensjoerd
0:34 Loom
14:44 Feudal Age
16:55 Double-Bit Axe
16:53 Horse Collar
17:07 Gold Mining
17:07 Stone Mining
21:24 Castle Age
20:36 Wheelbarrow
19:47 Town Watch
25:57 Bow Saw
26:34 Gold Shaft Mining
26:55 Hand Cart
31:58 Imperial Age
30:03 Scale Mail Armor
30:14 Forging
30:53 Town Patrol
31:14 Chain Mail Armor
31:03 Squires
30:58 Arson
30:47 Pikeman
32:29 Heavy Plow
33:46 Plate Mail Armor
33:52 Iron Casting
33:59 Conscription
35:17 Kataparuto
37:09 Two-Man Saw
38:39 Halberdier
rugkupper
1:59 Loom
10:37 Feudal Age
14:21 Castle Age
12:38 Double-Bit Axe
12:50 Horse Collar
17:34 Wheelbarrow
19:57 Bow Saw
22:12 Hand Cart
22:58 Elite Skirmisher
25:46 Fletching
28:53 Man-at-Arms
29:29 Gold Mining
30:38 Long Swordsman
31:22 Scale Mail Armor
31:32 Forging
8==============D
7:15 Loom
10:49 Feudal Age
15:44 Castle Age
14:25 Double-Bit Axe
14:22 Horse Collar
17:04 Bow Saw
16:55 Heavy Plow
23:29 Wheelbarrow
24:23 Town Watch
24:54 Hand Cart
26:11 Gold Mining
26:11 Stone Mining
27:11 Masonry
31:22 Imperial Age
29:59 Forging
29:50 Scale Mail Armor
29:58 Scale Barding Armor
30:29 Town Patrol
31:02 Bloodlines
30:55 Husbandry
31:41 Iron Casting
32:41 Crop Rotation
33:13 Two-Man Saw
33:19 Chemistry
32:51 Architecture
31:55 Cavalier
34:28 Blast Furnace
33:50 Chain Barding Armor
34:15 Gold Shaft Mining
34:16 Stone Shaft Mining
33:36 Savar
38:01 Conscription
39:22 Plate Barding Armor
MattAOE
12:38 Feudal Age
16:49 Castle Age
16:24 Double-Bit Axe
16:48 Padded Archer Armor
16:51 Horse Collar
20:06 Wheelbarrow
30:06 Leather Archer Armor
31:40 Heavy Plow
31:55 Bow Saw
37:14 Imperial Age
37:51 Elite Conquistador
Connection lost

Rejoining the realm…

Still unreachable

The connection could not be restored.

Session expired

The server has moved on; the page needs a fresh start.